 Dungeon Crawl Stone Soup version 0.27-a0-720-g3f424a255b (webtiles) character file.

Game seed: 4766328670629995121

88778 ReteAZ the Thaumaturge (level 15, -4/126 HPs)
             Began as a Demigod Air Elementalist on Mar 22, 2021.
             Slain by a merfolk impaler
             ... wielding a +3 demon trident of flaming
              (72 damage)
             ... on level 4 of the Shoals on Mar 23, 2021.
             The game lasted 01:29:16 (43568 turns).

ReteAZ the Thaumaturge (Demigod Air Elementalist)  Turns: 43568, Time: 01:29:17

Health: -4/126     AC: 12    Str: 13    XL:     15   Next: 7%
Magic:  14/37      EV: 22    Int: 32    God:
Gold:   1233       SH:  0    Dex: 18    Spells: 17/40 levels left

rFire    . . .     SeeInvis +   w - +2 demon trident (freeze)
rCold    + + .     Faith    .   Z - +3 warlock's mirror {reflect}
rNeg     . . .     Spirit   .   B - +2 robe {Will+}
rPois    +         Reflect  +   A - +1 helmet {Int+3}
rElec    +         Harm     .   v - +2 cloak {rPois}
rCorr    .         Rampage  .   n - +0 pair of gloves
Will     ++++.                  t - +1 pair of boots of the Circus Animal {rElec Will+}
Stlth    ++........             z - amulet of the Air {Inacc +Fly rElec EV+5 RMsl}
HPRegen  0.31/turn              S - ring of willpower
MPRegen  0.25/turn              o - ring of Kecsaf {Wiz rC++ SInv}

@: sleeping, repel missiles
A: high mp 1, forlorn
a: Evoke Flight


You were on level 4 of the Shoals.
You visited 4 branches of the dungeon, and saw 23 of its levels.
You also visited: Ossuary and Gauntlet.

You collected 2358 gold pieces.
You spent 1125 gold pieces at shops.

Inventory:

Hand Weapons
 u - a +2 demon trident of venom
 w - a +2 demon trident of freezing (weapon)
 H - a +3 scimitar of flaming
 K - a +0 demon blade of venom
Armour
 n - a +0 pair of gloves (worn)
 t - the +1 pair of boots of the Circus Animal (worn) {rElec Will+}
   (You bought it in a shop on level 2 of the Orcish Mines)

   It insulates you from electricity.
   It affects your willpower, your defense against some magical effects.
 v - a +2 cloak of poison resistance (worn)
 A - a +1 helmet of intelligence (worn)
 B - a +2 robe of willpower (worn)
 I - +0 steam dragon scales
 O - a +3 ring mail of fire resistance
 Z - the +3 warlock's mirror (worn) {reflect}
   (You acquired it on level 3 of the Lair of Beasts)
Jewellery
 o - the ring of Kecsaf (left hand) {Wiz rC++ SInv}
   (You found it in a Gauntlet)

   [ring of wizardry]

   It improves your spell success rate.
   It greatly protects you from cold.
   It lets you see invisible.
 s - a ring of protection from fire
 z - the amulet of the Air (around neck) {Inacc +Fly rElec EV+5 RMsl}
   (You found it on level 2 of the Shoals)

   [amulet of nothing]

   It affects your evasion (+5).
   It insulates you from electricity.
   It lets you fly.
   It protects you from missiles.
 M - a ring of ice
 N - a ring of fire
 S - a ring of willpower (right hand)
 X - a +4 ring of evasion
Wands
 y - a wand of polymorph (15)
 C - a wand of acid (17)
 D - a wand of digging (11)
 G - a wand of flame (28)
 J - a wand of iceblast (31)
Scrolls
 b - a scroll of silence
 d - 5 scrolls of identify
 f - 4 scrolls of amnesia
 i - a scroll of fog
 k - a scroll of blinking
 l - 9 scrolls of teleportation
 m - 2 scrolls of magic mapping
 p - 3 scrolls of enchant weapon
 r - 2 scrolls of acquirement
 x - 2 scrolls of summoning
 V - 2 scrolls of enchant armour
 Y - a scroll of immolation
Potions
 a - 3 potions of mutation
 c - a potion of might
 e - 4 potions of curing
 g - a potion of brilliance
 h - 7 potions of heal wounds
 j - a potion of cancellation {unknown}
 q - 2 potions of haste
 E - a potion of flight
 L - 3 potions of invisibility
 P - 3 potions of attraction
 U - a potion of berserk rage
Miscellaneous
 T - a condenser vane (inert)


   Skills:
 - Level 10.0 Fighting
 - Level 8.0 Dodging
 - Level 2.0 Stealth
 - Level 4.0 Shields
 + Level 13.1 Spellcasting
 - Level 7.0 Conjurations
 - Level 4.0 Summonings
 - Level 8.0 Ice Magic
 - Level 13.0 Air Magic


You had 17 spell levels left.
You knew the following spells:

 Your Spells              Type           Power      Damage    Failure   Level
a - Shock                 Conj/Air       100%       1d9       1%          1
b - Static Discharge      Conj/Air       71%        N/A       1%          3
c - Airstrike             Air            40%        N/A       1%          4
d - Summon Lightning Spi  Summ/Air       66%        N/A       1%          4
e - Lightning Bolt        Conj/Air       35%        1d53      1%          5
f - Freezing Cloud        Conj/Ice/Air   34%        6-21      3%          6

Your spell library contained the following spells:

 Spells                   Type           Power      Damage    Failure   Level
 Swiftness                Air            81%        N/A       0%          2
 Corona                   Hex            23%        N/A       1%          1
 Foxfire                  Conj/Fire      100%       2x1d9     1%          1
 Freeze                   Ice            100%       1d11      1%          1
 Magic Dart               Conj           100%       1d8       1%          1
 Sandblast                Erth           42%        2d11      1%          1
 Summon Small Mammal      Summ           100%       N/A       1%          1
 Blink                    Tloc           N/A        N/A       1%          2
 Call Imp                 Summ           46%        N/A       1%          2
 Ensorcelled Hibernation  Hex/Ice        92%        N/A       1%          2
 Passwall                 Tmut/Erth      17%        N/A       1%          2
 Poisonous Vapours        Pois/Air       100%       N/A       1%          2
 Slow                     Hex            21%        N/A       1%          2
 Call Canine Familiar     Summ           46%        N/A       1%          3
 Conjure Flame            Conj/Fire      43%        6-21      1%          3
 Dazzling Flash           Conj/Hex       86%        N/A       1%          3
 Frozen Ramparts          Ice            100%       1d12      1%          3
 Mephitic Cloud           Conj/Pois/Air  59%        N/A       1%          3
 Ozocubu's Armour         Ice            64%        N/A       1%          3
 Stone Arrow              Conj/Erth      86%        3d12      1%          3
 Summon Guardian Golem    Hex/Summ       33%        N/A       1%          3
 Hailstorm                Conj/Ice       62%        3d13      1%          4
 Summon Ice Beast         Ice/Summ       56%        N/A       1%          4
 Iskenderun's Battlesphe  Conj           60%        2d11      1%          5
 Confusing Touch          Hex            21%        N/A       2%          3
 Gell's Gravitas          Tloc           10%        N/A       2%          3
 Inner Flame              Hex/Fire       21%        N/A       2%          3
 Portal Projectile        Hex/Tloc       42%        N/A       2%          3
 Tukima's Dance           Hex            21%        N/A       2%          3
 Sticky Flame             Conj/Fire      43%        2d6       2%          4
 Fireball                 Conj/Fire      21%        3d10      6%          5
 Irradiate                Conj/Tmut      21%        3d20      6%          5
 Manifold Assault         Tloc           21%        N/A       9%          4
 Passage of Golubria      Tloc           N/A        N/A       9%          4
 Petrify                  Tmut/Erth      21%        N/A       9%          4
 Bolt of Magma            Conj/Fire/Erth 17%        4d9       10%         5
 Lee's Rapid Deconstruct  Erth           10%        3d9*      24%         5
 Iron Shot                Conj/Erth      21%        9d5       32%         6
 Orb of Destruction       Conj           30%        9d11      38%         7
 Spellforged Servitor     Conj/Summ      27%        N/A       58%         7
 Chain Lightning          Conj/Air       35%        N/A       65%         8
 Dispersal                Tloc           10%        N/A       77%         6
 Hydra Form               Tmut           10%        N/A       77%         6
 Statue Form              Tmut/Erth      14%        N/A       77%         6
 Dragon Form              Tmut           10%        N/A       99%         7
 Disjunction              Tloc           10%        N/A       100%        8
 Lehudib's Crystal Spear  Conj/Erth      21%        10d6      100%        8
 Absolute Zero            Ice            32%        ∞         100%        9
 Fire Storm               Conj/Fire      21%        8d6       100%        9


Dungeon Overview and Level Annotations

Branches:
Dungeon (11/15)            Temple (0/1) D:6            Lair (6/6) D:9
 Shoals (4/4) Lair:3        Snake (0/4) Lair:2        Slime (0/5) Lair:6
    Orc (2/2) D:10            Elf (0/3) Orc:2       Ossuary (visited)
Gauntlet (visited)

Shops:
D:5 *   D:6 [   D:8 [   D:9 =(*   Orc:1 [   Orc:2 ([*:   Shoals:1 (

Portals:
Hell: Lair:6

Annotations:
D:5 2 transporters
D:6 2 runed translucent doors, ReteAZ's ghost, novice OgIE
D:8 3 runed translucent doors, TimeIsEndless's ghost, novice DsFi


Innate Abilities, Weirdness & Mutations

Your attributes grow dramatically as you level up.
You have an increased reservoir of magic. (+10% MP)
You shall have no god before yourself.


Message History

Aim: a dream sheep (steam, almost dead, confused, covered in acid, 24% to evade)
You feel a bit more experienced.
Aiming: Throw Flame
Press: ? - help, Shift-Dir - straight line, f - wind drake
Aim: a wind drake (noxious fumes, almost dead, repelling missiles, confused, 68% to evade)
Your lightning spire shoots out a bolt of lightning at the dream sheep!
The bolt of electricity hits the dream sheep!!
The dream sheep barely misses your lightning spire.
You hear a splashing noise.
You enter the shallow water.
Moving in this stuff is going to be slow.
You see here 18 stones.
A merfolk impaler comes into view.
It is wielding a +3 demon trident of flaming.
The merfolk impaler shouts!
The dream sheep ruffles its wool and motes of dream dust sparkle, to no effect.
Magic courses through your body.
The dream sheep ruffles its wool and motes of dream dust sparkle, to no effect.
Casting: Summon Lightning Spire (safe; 1% risk of failure)
Confirm with . or Enter, or press ? or * to list all spells.
An electric hum fills the air.
Casting: Summon Lightning Spire (safe; 1% risk of failure)
Confirm with . or Enter, or press ? or * to list all spells.
Aiming: Freezing Cloud (dangerous; 3% risk of failure)
Press: ? - help, Dir - move target Really fire in your lightning spire's direction?
Casting: Freezing Cloud (dangerous; 3% risk of failure)
Confirm with . or Enter, or press ? or * to list all spells.
Aiming: Airstrike (safe; 1% risk of failure)
Press: ? - help, Dir - move target, f - merfolk impaler
Aim: a merfolk impaler, wielding a +3 demon trident of flaming and wearing a +0 robe The air twists around and strikes the merfolk impaler!
The merfolk impaler is lightly wounded.
The dream sheep is engulfed in freezing vapours.
The dream sheep shake their wool and sparkle.
You feel drowsy...
You fall asleep.
The dream sheep is engulfed in freezing vapours.
The merfolk impaler barely misses you.
The merfolk impaler hits you from afar with a +3 demon trident of flaming!!!!
Ouch! That really hurt!
You die...

....≈≈≈≈≈ ≈≈≈≈≈≈≈≈≈.##.....#####
!....≈# #≈≈≈≈≈≈....##.......≈
≈≈...#≈≈ #≈≈≈≈≈....##...≈≈≈≈≈
Y≈.)#(# #≈≈≈≈........≈≈..≈.
≈≈≈#≈# #≈≈≈........≈≈≈.≈≈≈ ≈)Y#
). #.......≈...≈≈≈≈≈≈≈≈ ≈≈≈# ≈≈#
#..m≈..≈≈≈≈≈≈≈≈≈≈≈≈≈ ≈≈≈# ≈#
#≈..###..≈≈≈≈≈≈≈≈≈≈≈ YY.# ≈≈
#..@# ##..≈≈≈≈≈≈≈≈≈≈ ≈Y≈## ≈
##8..# ##.≈≈≈≈≈≈≈≈≈≈ 8≈≈.##
##§§.## ##..≈≈≈≈≈≈≈≈
.....#######§#### ###..≈≈≈≈≈≈≈≈
≈≈≈≈..Y..≈§Y.# ####.....≈†≈≈≈≈≈
≈≈≈≈..≈≈≈≈§..# ###....)....≈≈≈≈≈≈
≈≈≈≈..≈≈≈≈≈...##...........≈≈≈≈≈≈
≈≈≈≈≈≈≈≈##########..<÷.####..≈.#.
≈≈≈≈≈≈≈##≈≈≈≈≈##.........(...≈##.


You could see a merfolk impaler, a dream sheep (ally target) and a friendly
lightning spire (summoned).

Vanquished Creatures
  Donald (Shoals:3)
  An orc warlord (Orc:2)
  A minotaur (Gauntlet)
  A merfolk javelineer (Shoals:4)
  2 merfolk impalers
  Erolcha (Orc:1)
  2 hydras
  A boulder beetle (Lair:5)
  3 merfolk aquamancers
  A queen ant (Gauntlet)
  3 satyrs
  2 death yaks (Lair:3)
  2 two-headed ogres
  4 orc high priests (Orc:2)
  Urug (D:10)
  Nergalle (Lair:2)
  A fire crab (Gauntlet)
  6 sea snakes
  A sixfirhy (Lair:6)
  An orc knight (Orc:2)
  16 harpies
  3 manticores
  An oklob plant (Lair:4)
  13 fauns
  2 orc sorcerers (Orc:2)
  2 cyclopes
  7 elephants
  2 black mambas
  4 merfolk sirens (Shoals:4)
  Joseph (D:7)
  A water nymph (Shoals:3)
  Maggie (D:7)
  A cane toad (Lair:3)
  2 rime drakes (Lair:6)
  An orange demon (Lair:6)
  An ice devil (Lair:6)
  3 komodo dragons
  A red devil (Lair:6)
  15 merfolk
  3 trolls
  7 wind drakes
  A polar bear (Lair:3)
  Grinder (D:3)
  14 blink frogs
  3 snapping turtles
  5 dream sheep
  A slime creature (D:11)
  23 yaks
  7 water elementals
  3 basilisks
  A fire bat (Gauntlet)
  7 wyverns
  Eustachio (D:5)
  Menkaure (D:5)
  A warg (Orc:1)
  Edmund (D:5)
  A naga (Lair:2)
  2 hell hounds (Lair:6)
  3 soldier ants (Gauntlet)
  8 water moccasins
  3 sky beasts
  A black bear (D:9)
  16 orc warriors
  3 ice beasts
  A necrophage (D:7)
  8 ogres
  3 centaurs
  13 wolves
  2 phantoms
  An elf zombie (Ossuary)
  11 bullfrogs
  2 kobold brigands
  Dowan (D:7)
  5 killer bees
  6 wights
  4 electric eels
  4 howler monkeys
  A crimson imp (D:4)
  A bullfrog zombie (D:7)
  6 centaur zombies
  6 hounds
  19 orc priests
  A bullfrog skeleton (D:8)
  Crazy Yiuf (D:7)
  A human zombie (Ossuary)
  17 jellies
  2 centaur skeletons (D:10)
  3 iguanas
  21 orc wizards
  8 worker ants
  3 mummies
  A worker ant zombie (D:5)
  12 adders
  7 gnolls
  A howler monkey skeleton (D:8)
  A shadow imp (D:8)
  A nameless horror (D:7)
  6 ufetubi
  2 oozes
  2 adder zombies
  3 worms (D:2)
  3 dart slugs
  65 orcs
  6 removed leopard geckos
  2 ball pythons (D:3)
  4 giant cockroaches
  5 goblins
  14 hobgoblins
  6 jackals
  16 kobolds
  8 quokkas
  4 bats
  2 frilled lizards (D:2)
  8 rats
560 creatures vanquished.

Vanquished Creatures (collateral kills)
  A hydra (Lair:6)
  A merfolk avatar (Shoals:2)
  A catoblepas (Lair:5)
  3 death yaks
  2 two-headed ogres
  5 sea snakes
  2 harpies
  A wizard (Lair:6)
  2 orc knights (Orc:2)
  An oklob plant (Lair:2)
  2 fauns (Shoals:3)
  An orc sorcerer (Orc:2)
  2 cyclopes
  2 manticores (Shoals:1)
  An ugly thing (D:11)
  5 elephants
  A black mamba (Lair:5)
  A smoke demon (Lair:6)
  2 orange demons (Lair:6)
  4 cane toads
  3 komodo dragons
  A red devil (Lair:6)
  3 polar bears
  A wind drake (Shoals:3)
  6 blink frogs
  6 dream sheep
  5 snapping turtles
  A wyvern (Lair:6)
  A water elemental (Shoals:2)
  2 wraiths (D:11)
  2 fire bats (Gauntlet)
  20 yaks
  A warg (Orc:2)
  2 soldier ants (Gauntlet)
  10 water moccasins
  2 nagas (Lair:2)
  3 hell hounds
  Duvessa (D:7)
  An ice beast (D:11)
  14 orc warriors
  3 black bears
  3 ogres
  10 wolves
  A centaur (Shoals:2)
  2 bullfrogs
  A wight (D:9)
  5 howler monkeys
  A bullfrog zombie (D:8)
  3 jellies (Lair:6)
  4 orc priests
  2 orc wizards
  An adder (D:10)
  13 orcs
  3 kobolds (D:9)
177 creatures vanquished.

Vanquished Creatures (others)
  A komodo dragon (Lair:6)
  3 demonic plants (Gauntlet)
  86 fungi
  190 plants
280 creatures vanquished.

Grand Total: 1017 creatures vanquished

Notes
Turn   | Place    | Note
-------+----------+-------------------------------------------
     0 | D:1      | ReteAZ the Demigod Air Elementalist began the quest for the
                  | Orb.
     0 | D:1      | Reached XP level 1. HP: 14/14 MP: 5/5
    82 | D:1      | Reached skill level 1 in Conjurations
   237 | D:1      | Reached XP level 2. HP: 20/20 MP: 1/7
  1300 | D:2      | Reached XP level 3. HP: 26/26 MP: 6/8
  2477 | D:2      | Reached XP level 4. HP: 33/33 MP: 7/10
  3033 | D:3      | Noticed Grinder
  3054 | D:3      | Killed Grinder
  3055 | D:3      | Reached XP level 5. HP: 10/38 MP: 1/12
  3536 | D:3      | Reached XP level 6. HP: 32/45 MP: 1/13
  4263 | D:4      | Found a sand-covered staircase.
  4323 | Ossuary  | Entered an ossuary
  4341 | Ossuary  | Reached skill level 5 in Air Magic
  4973 | D:4      | Learned a level 3 spell: Static Discharge
  5083 | D:4      | Reached XP level 7. HP: 48/50 MP: 8/15
  5967 | D:5      | Entered Level 5 of the Dungeon
  5970 | D:5      | Noticed Menkaure
  6272 | D:5      | Learned a level 4 spell: Airstrike
  6412 | D:5      | Killed Menkaure
  6599 | D:5      | Reached XP level 8. HP: 36/57 MP: 2/17
  6825 | D:5      | Noticed Eustachio
  6829 | D:5      | Killed Eustachio
  6936 | D:5      | Found a transporter.
  6942 | D:5      | Found a transporter.
  6947 | D:5      | Noticed a centaur warrior
  6991 | D:5      | Found Geherown's Assorted Antiques.
  7251 | D:5      | Noticed Edmund
  7258 | D:5      | Killed Edmund
  7978 | D:6      | Reached skill level 5 in Conjurations
  8083 | D:6      | Reached skill level 5 in Spellcasting
  8386 | D:6      | Found Iwouppu's Armour Shoppe.
  8394 | D:6      | Bought a +0 buckler for 45 gold pieces
  8394 | D:6      | Bought a +2 robe of willpower for 177 gold pieces
  8501 | D:6      | Found a staircase to the Ecumenical Temple.
  8883 | D:6      | Found a large runed translucent door.
  8883 | D:6      | Found a large runed translucent door.
  8883 | D:6      | Noticed ReteAZ's ghost (novice OgIE)
  8960 | D:6      | Reached skill level 1 in Shields
  9230 | D:6      | Reached XP level 9. HP: 48/62 MP: 7/20
 10142 | D:7      | Noticed Maggie
 10153 | D:7      | Killed Maggie
 10205 | D:7      | Noticed Joseph
 10228 | D:8      | Found Qyah's Armour Shoppe.
 10232 | D:8      | HP: 2/62 [/static electricity (3)]
 10550 | D:8      | Learned a level 4 spell: Summon Lightning Spire
 10798 | D:8      | Noticed a cyclops
 11020 | D:8      | Killed a cyclops
 11311 | D:8      | Noticed a two-headed ogre
 11325 | D:8      | Killed a two-headed ogre
 11470 | D:8      | Found a runed translucent gate.
 11470 | D:8      | Found a runed translucent gate.
 11473 | D:8      | Found a runed translucent gate.
 11474 | D:8      | Noticed TimeIsEndless's ghost (novice DsFi)
 11627 | D:8      | Reached XP level 10. HP: 69/69 MP: 10/23
 12181 | D:7      | Noticed Duvessa
 12199 | D:7      | Killed Duvessa
 12200 | D:7      | Noticed Dowan
 12204 | D:7      | Killed Dowan
 12856 | D:7      | Killed Joseph
 12857 | D:7      | Reached skill level 1 in Summonings
 12857 | D:7      | Reached skill level 10 in Air Magic
 13124 | D:7      | Learned a level 5 spell: Lightning Bolt
 13426 | D:7      | Found a runed translucent door.
 13427 | D:7      | Noticed Crazy Yiuf
 13507 | D:7      | Killed Crazy Yiuf
 13809 | D:9      | Found Boluf's Antique Weapon Emporium.
 13831 | D:9      | Found Haommuno's Jewellery Boutique.
 14220 | D:10     | Entered Level 10 of the Dungeon
 14243 | D:10     | HP: 3/69 [poisoned by a water moccasin]
 14248 | D:10     | HP: 2/69 [poisoned by a water moccasin]
 14255 | D:10     | HP: 2/69 [poisoned by a water moccasin]
 14263 | D:10     | HP: 2/69 [poisoned by a water moccasin]
 14776 | D:9      | Found a staircase to the Lair.
 14852 | D:9      | Noticed a two-headed ogre
 14858 | D:9      | Killed a two-headed ogre
 15318 | D:9      | Found Uvueshug's Assorted Antiques.
 15866 | D:10     | Noticed Urug
 15872 | D:10     | Killed Urug
 16358 | D:10     | Found a staircase to the Orcish Mines.
 16382 | D:10     | Reached skill level 1 in Fighting
 16440 | D:10     | Reached XP level 11. HP: 77/77 MP: 16/27
 17511 | D:11     | Noticed a two-headed ogre
 17517 | D:11     | Killed a two-headed ogre
 18516 | D:11     | Noticed a two-headed ogre
 18521 | D:11     | Killed a two-headed ogre
 18997 | Lair:1   | Entered Level 1 of the Lair of Beasts
 19021 | Lair:1   | Identified 4 scrolls of acquirement
 19023 | Lair:1   | Acquired a +2 buckler of protection
 19145 | Lair:1   | Found a gate leading to a gauntlet.
 19154 | Gauntlet | Entered a Gauntlet
 19154 | Gauntlet | Found a transporter.
 19163 | Gauntlet | Found a transporter.
 19164 | Gauntlet | Noticed a queen ant
 19178 | Gauntlet | Found a transporter.
 19183 | Gauntlet | Found a transporter.
 19183 | Gauntlet | Noticed a quicksilver ooze
 19183 | Gauntlet | Noticed a fire crab
 19204 | Gauntlet | Found a transporter.
 19218 | Gauntlet | Found a transporter.
 19230 | Gauntlet | Found a transporter.
 19236 | Gauntlet | Found a transporter.
 19251 | Gauntlet | Found a transporter.
 19255 | Gauntlet | Noticed a great orb of eyes
 19259 | Gauntlet | Noticed a balrug
 19263 | Gauntlet | Found a transporter.
 19275 | Gauntlet | Found a transporter.
 19276 | Gauntlet | Noticed a four-headed hydra
 19292 | Gauntlet | Found a transporter.
 19310 | Gauntlet | Found a transporter.
 19312 | Gauntlet | Found a transporter.
 19338 | Gauntlet | Found a transporter.
 19340 | Gauntlet | Found a transporter.
 19360 | Gauntlet | Found a transporter.
 19474 | Gauntlet | Found a transporter.
 19632 | Gauntlet | Killed a queen ant
 19648 | Gauntlet | Identified the +9 hand axe "Waseceo" {speed, rPois MP-9
                  | Dex+4 SInv}
 19777 | Gauntlet | Reached skill level 5 in Dodging
 19789 | Gauntlet | Killed a fire crab
 19808 | Gauntlet | Identified the ring of Kecsaf {Wiz rC++ SInv}
 19965 | Gauntlet | Noticed a minotaur
 19975 | Gauntlet | Killed a minotaur
 20237 | Lair:1   | Reached skill level 5 in Fighting
 20398 | Lair:1   | Noticed a five-headed hydra
 20406 | Lair:1   | Killed a four-headed hydra
 21103 | D:9      | Bought an encrusted trident for 323 gold pieces
 21103 | D:9      | Identified the +7 trident "Cahacidd" {antimagic, *Rage
                  | +Blink Dex+4} (You bought it in a shop on level 9 of the
                  | Dungeon)
 21506 | Lair:2   | Noticed Nergalle
 21518 | Lair:2   | Killed Nergalle
 21606 | Lair:2   | Reached XP level 12. HP: 62/95 MP: 14/30
 22066 | Lair:2   | Found a staircase to the Snake Pit.
 22721 | Lair:2   | Reached skill level 10 in Spellcasting
 24196 | Lair:3   | Acquired the +3 warlock's mirror {reflect}
 24197 | Lair:3   | Found the +3 warlock's mirror {reflect}
 24726 | Lair:3   | Found a staircase to the Shoals.
 27453 | Lair:5   | Noticed a boulder beetle
 27484 | Lair:5   | Killed a boulder beetle
 28090 | Lair:6   | Entered Level 6 of the Lair of Beasts
 28094 | Lair:6   | Reached skill level 10 in Fighting
 28099 | Lair:6   | Noticed a catoblepas
 28100 | Lair:6   | Reached XP level 13. HP: 104/113 MP: 16/31
 29056 | Lair:6   | Found a staircase to the Slime Pits.
 29395 | Lair:5   | Upgraded the game from 0.27-a0-695-gb4952372f7 to
                  | 0.27-a0-720-g3f424a255b
 31325 | Lair:6   | Found a gateway to Hell.
 31849 | Orc:1    | Entered Level 1 of the Orcish Mines
 32202 | Orc:1    | Noticed Erolcha
 32208 | Orc:1    | Killed Erolcha
 32552 | Orc:1    | Found Apnamnic's Armour Shoppe.
 32565 | Orc:1    | Bought a +2 cloak of poison resistance for 314 gold pieces
 32669 | Orc:2    | Entered Level 2 of the Orcish Mines
 32669 | Orc:2    | Found a staircase to the Elven Halls.
 34560 | Orc:2    | Noticed an orc warlord
 34702 | Orc:2    | Killed an orc warlord
 35220 | Orc:2    | Found Eddodoxi's Antique Armour Shoppe.
 35221 | Orc:2    | Found Doifayf's Antique Weapon Shoppe.
 35223 | Orc:2    | Found Neq Ezil's General Store.
 35223 | Orc:2    | Found Veosuom's Book Emporium.
 35242 | Orc:2    | Bought a pair of smouldering boots for 266 gold pieces
 35242 | Orc:2    | Identified the +1 pair of boots of the Circus Animal {rElec
                  | Will+} (You bought it in a shop on level 2 of the Orcish
                  | Mines)
 35797 | Orc:1    | Learned a level 6 spell: Freezing Cloud
 36010 | Shoals:1 | Entered Level 1 of the Shoals
 36194 | Shoals:1 | Reached skill level 1 in Ice Magic
 36282 | Shoals:1 | Reached XP level 14. HP: 101/121 MP: 19/34
 37378 | Shoals:1 | Found Hogy's Antique Weapon Emporium.
 38379 | Shoals:2 | Reached skill level 5 in Ice Magic
 39307 | Shoals:2 | Found the amulet of the Air {Inacc +Fly rElec EV+5 RMsl}
 42167 | Shoals:3 | Noticed Donald
 42173 | Shoals:3 | Killed Donald
 42579 | Shoals:4 | Entered Level 4 of the Shoals
 43298 | Shoals:4 | Reached XP level 15. HP: 124/126 MP: 25/37
 43568 | Shoals:4 | Slain by a merfolk impaler

Illustrated notes

Levels and vault maps discovered:
D:1:      eino_arrival_water_cross, layout_basic
D:2:      layout_basic, minmay_circle_x
D:3:      layout_basic, serial_rivers, chequers_serial_rivers_large_a,
          chequers_serial_rivers_micro_a, chequers_serial_rivers_room_b,
          chequers_serial_rivers_micro_a, uniq_grinder
D:4:      layout_loops_corners, grunt_temple_overflow_champion_of_chaos,
          gup_ossuary_entry_pyramid
D:5:      layout_basic, nicolae_hepliaklqana_hazy_memory,
          gammafunk_temple_overflow_arena, serial_shops, shop,
          grunt_ministairs_6, minmay_fountain_box, kennysheep_big_empty_room,
          minmay_misc_feat_nine_boxes, uniq_eustachio, uniq_edmund,
          uniq_menkaure
D:6:      layout_loops_corners, zin_treasury, grunt_dithmenos_smoke_and_mirrors,
          minmay_temple_entry_gardened_gates, ebering_ghost_disaster_area,
          serial_shops, shop_fountains, amcnicky_mini_pool_small
D:7:      layout_loops_corners, minivault_22, uniq_maggie,
          uniq_crazy_yiuf_cottage, uniq_joseph, uniq_duvessa
D:8:      layout_cave_pools, ebering_ghost_rock_garden, serial_shops, shop,
          feat_on_display
D:9:      layout_roguey, nemelex_altar_shiori, due_lair_maze_entry_diamond,
          serial_shops, nicolae_shop_behind_doors, shop, shop
D:10:     layout_irregular_city, orc_david_3, uniq_urug
D:11:     layout_loops_ring
Lair:1:   layout_cave_shapes, gauntlet_entry_generic
Lair:2:   layout_concentric_octagons, minmay_snake_entry_guardpost_small,
          minmay_lair_oklob_chamber, serial_bayou_shore_a, lemuel_fruit_tree,
          lemuel_fruit_fields, infiniplex_staircase_pool, uniq_nergalle
Lair:3:   layout_gridlike, elwin_shoals_entry_rocks
Lair:4:   dpeg_oklob_gauntlet, layout_cave_pods
Lair:5:   layout_roguey, lemuel_another_geyser
Lair:6:   evil_forest, layout_hall_layers, minmay_slime_entry_jelly_boxes
Shoals:1: cheibrodos_shoals_oceanic_diplomacy, layout_shoals,
          nicolae_shoals_c_island
Shoals:2: layout_shoals
Shoals:3: layout_shoals, uniq_donald
Shoals:4: shoals_end_hangedman, layout_shoals
Orc:1:    layout_diamond_mine, serial_shops, nicolae_shop_statue_plus,
          david_defended_altar_orc, uniq_erolcha
Orc:2:    st_orc_congregation, layout_caves

Skill      XL: |  1  2  3  4  5  6  7  8  9 10 11 12 13 14 15 |
---------------+----------------------------------------------+-----
Conjurations   | 1 2 3 4 5 6 7 |  7.0
Stealth        | 2 |  2.0
Dodging        | 2 6 8 |  8.0
Spellcasting   | 2 3 4 5 6 8 9 10 11 12 13 | 13.1
Air Magic      | 3 4 5 6 8 9 10 13 | 13.0
Shields        | 1 3 4 |  4.0
Summonings     | 4 |  4.0
Fighting       | 1 5 10 | 10.0
Ice Magic      | 1 7 8 |  8.0

Action                   |  1- 3 |  4- 6 |  7- 9 | 10-12 | 13-15 || total
-------------------------+-------+-------+-------+-------+-------++-------
Melee: Unarmed           |     7 |       |       |       |       ||     7
       Short sword       |     1 |       |       |       |       ||     1
       Rapier            |     6 |    36 |    26 |    24 |       ||    92
       Scimitar          |       |       |       |    40 |     7 ||    47
       Demon blade       |       |       |       |    61 |       ||    61
       Demon trident     |       |       |       |    31 |   184 ||   215
 Cast: Shock             |    98 |   107 |   279 |   384 |   454 ||  1322
       Static Discharge  |       |     2 |    17 |    32 |    40 ||    91
       Airstrike         |       |       |    31 |   159 |   165 ||   355
       Summon Lightning  |       |       |     6 |    73 |    91 ||   170
       Lightning Bolt    |       |       |       |     4 |    39 ||    43
       Freezing Cloud    |       |       |       |       |    36 ||    36
 Abil: Evoke Flight      |       |       |       |       |     1 ||     1
Evoke: Wand              |       |       |     1 |     5 |    10 ||    16
       Condenser vane    |       |       |       |       |     1 ||     1
  Use: Potion            |       |       |     4 |     4 |     3 ||    11
       Scroll            |       |       |       |    25 |     1 ||    26
 Stab: Sleeping          |     2 |       |       |       |       ||     2
       Distracted        |       |       |       |     4 |     3 ||     7
       Petrifying        |       |       |       |       |     1 ||     1
Armor: Robe              |     5 |       |    21 |    67 |    81 ||   174
       Ring mail         |       |    20 |       |    38 |       ||    58
Dodge: Dodged            |    15 |    36 |    67 |   266 |   393 ||   777
Block: Buckler           |       |       |    17 |   139 |   278 ||   434
       Reflection        |       |       |       |       |    47 ||    47
       Rpst.: Scimitar   |       |       |       |    31 |     5 ||    36
       Demon blade       |       |       |       |    20 |       ||    20

Table legend: (Time is in decaauts)
 A = Elapsed time spent in this place.
 B = Non-inter-level travel time spent in this place.
 C = Inter-level travel time spent in this place.
 D = Time resting spent in this place.
 E = Time spent auto-exploring this place.
 F = Levels seen in this place.
 G = Mean time per level.
                   A        B        C        D        E       F      G
               +--------+--------+--------+--------+--------+-----+--------+
         Total |  44030 |  42400 |   1630 |   9979 |  26737 |  25 | 1761.2 |
       Dungeon |  19208 |  18471 |    737 |   3063 |  13409 |  11 | 1746.2 |
          Lair |  11846 |  11322 |    524 |   1837 |   8122 |   6 | 1974.3 |
        Shoals |   7875 |   7670 |    205 |   3747 |   2812 |   4 | 1968.8 |
  Orcish Mines |   3733 |   3571 |    162 |    797 |   1984 |   2 | 1866.5 |
       Ossuary |    321 |    321 |      0 |    153 |     89 |   1 |  321.0 |
      Gauntlet |   1044 |   1044 |      0 |    382 |    320 |   1 | 1044.0 |
               +--------+--------+--------+--------+--------+-----+--------+

Top non-repeatable levels by time:
  Lair:6: 3216 daAuts
Shoals:2: 3166 daAuts
   Orc:2: 2579 daAuts
     D:7: 2438 daAuts
    D:10: 2322 daAuts
  Lair:2: 2074 daAuts
  Lair:3: 2032 daAuts
Shoals:1: 2031 daAuts
  Lair:5: 1986 daAuts
     D:4: 1816 daAuts
Shoals:3: 1808 daAuts
     D:5: 1806 daAuts
     D:8: 1750 daAuts
    D:11: 1701 daAuts
     D:6: 1660 daAuts
